[Event "*** Titled Tuesday Blitz"]
[Site "Chess.com"]
[Date "2018.04.03"]
[Round "7"]
[White "ViktorMatviishen"]
[Black "ST-Sandavagur"]
[Result "1-0"]
[WhiteElo "2565"]
[BlackElo "2435"]
[TimeControl "180+2"]
[EndTime "14:32:13 PDT"]
[Termination "ViktorMatviishen won by resignation"]

1. d4 Nf6 2. c4 g6 3. Nc3 Bg7 4. e4 d6 5. Bd3 O-O 6. Nge2 e5 7. d5 Nbd7 8. O-O Nh5 9. f3 f5 10. exf5 gxf5 11. Be3 Nc5 12. Bc2 a5 13. b3 Kh8 14.
Kh1 Na6 15. Rc1 Qf6 16. Qd2 Bd7 17. Rg1 Rg8 18. Bg5 Qf7 19. g4 Nf6 20. Bxf5 Bxf5 21.
gxf5 Nh5 22. Qd3 Nc5 23. Qb1 Raf8 24. Ng3 Nxg3+ 25. Rxg3 Qxf5 26. Qxf5 Rxf5 27. Rcg1 Rgf8 28. Kg2 Nd3 29. Be3 Nf4+ 30. Kh1 Bh6 31. Ne4 a4 32. c5 axb3 33. axb3 dxc5 34. Bxc5 Rd8 35. Be7 Re8 36. Bf6+ Rxf6 37. Nxf6 Rf8 38. Rg8+ 1-0

[Event "*** Titled Tuesday Blitz"]
[Site "Chess.com"]
[Date "2018.04.03"]
[Round "7"]
[White "GMHess"]
[Black "Hrant_ChessMood"]
[Result "1-0"]
[WhiteElo "2545"]
[BlackElo "2910"]
[TimeControl "180+2"]
[EndTime "14:32:14 PDT"]
[Termination "GMHess won on time"]

1. d4 Nf6 2. c4 g6 3. Nc3 Bg7 4.
e4 O-O 5. Nf3 d6 6. Be2 c5 7.
dxc5 dxc5 8. Be3 b6 9. Qc2 Nc6 10. Rd1 Qc7 11. Nd5 Qb8 12. O-O Bg4 13. Bf4 Qb7 14. e5 Nd7 15. h3 Bf5 16. Qa4 Ndxe5 17. Nxe5 Nxe5 18. Bxe5 Bxe5 19. Bf3 Kg7 20. Rfe1 Bd7 21.
Qc2 Bf5 22. Qa4 Bd7 23. Qb3 e6 24. Rxe5 exd5 25. cxd5 Rae8 26. Qc3 f6 27. d6 Bc6 28. Re7+ Rxe7 29. dxe7 Re8 30. Rd6 Bxf3 31. Qxf6+ Kg8 32. Rd8 1-0

[Event "*** Titled Tuesday Blitz"]
[Site "Chess.com"]
[Date "2018.04.03"]
[Round "7"]
[White "andante"]
[Black "Jbd735"]
[Result "1-0"]
[WhiteElo "2192"]
[BlackElo "2224"]
[TimeControl "180+2"]
[EndTime "14:32:14 PDT"]
[Termination "andante won on time"]

1. d4 d5 2. Nf3 Nf6 3. c4 c6 4.
Nc3 e6 5. e3 Nbd7 6. Bd3 dxc4 7. Bxc4 b5 8. Bd3 a6 9. e4 c5 10. d5 c4 11. Bc2 Qc7 12. O-O Bb7 13. Nd4 e5 14. Nf5 g6 15. Nh6 Be7 16. Qf3 Nc5 17.
Bg5 Qb6 18. Rad1 Rd8 19. Qg3 Qd6 20. Kh1 Kf8 21. f4 Nh5 22. Qh4 exf4 23. Ng4 f6 24. Bh6+ Kf7 25. Ne2 f5 26. Qh3 fxg4 27.
Qxg4 Bc8 28. Qf3 Kg8 29. Nxf4 Nxf4 30. Bxf4 Qd7 31. e5 Rf8 32. e6 Qb7 33. Qg3 Nd3 34.
Bxd3 cxd3 35. Rxd3 Bc5 36. Rdf3 Kg7 37. Be5+ 1-0

[Event "*** Titled Tuesday Blitz"]
[Site "Chess.com"]
[Date "2018.04.03"]
[Round "7"]
[White "Orest_Vovk"]
[Black "TastyFrenchFries"]
[Result "1-0"]
[WhiteElo "2377"]
[BlackElo "2317"]
[TimeControl "180+2"]
[EndTime "14:32:17 PDT"]
[Termination "Orest_Vovk won by resignation"]

1. g4 e6 2. Bg2 h5 3. gxh5 Rxh5 4. d4 d5 5. e4 Rh8 6. Nc3 dxe4 7. Nxe4 Nf6 8. Nxf6+ Qxf6 9. Be3 Qg6 10. Bf3 Bd6 11. h3 Nc6 12. Qd2 Bd7 13. O-O-O O-O-O 14. Ne2 e5 15. d5 Nd4 16. Nxd4 exd4 17. Qxd4 b6 18. Rdg1 Qf6 19.
Qxf6 gxf6 20. h4 f5 21. h5 Be5 22. h6 f4 23. Bd2 Rh7 24. Rg5 f6 25. Rg7 Rdh8 26.
Rxh7 Rxh7 27. Be4 f5 28. Bf3 Kd8 29. Bb4 Bd4 30. Bf8 Bxf2 31. Rh5 Ke8 32. Bg7 Kf7 33. Rg5 Bh4 34. Bh5+ Ke7 35. Rg1 Bf6 36. Re1+ Kd6 37.
Bxf6 Rxh6 38. Be5+ Kxd5 39. Bf3+ Kc5 40. Bxc7 Rc6 41.
Bxc6 Bxc6 42. Bxf4 Be4 43. Rxe4 1-0

[Event "*** Titled Tuesday Blitz"]
[Site "Chess.com"]
[Date "2018.04.03"]
[Round "7"]
[White "RandomOracle"]
[Black "nOcHeaTiNgKiD"]
[Result "0-1"]
[WhiteElo "2145"]
[BlackElo "2390"]
[TimeControl "180+2"]
[EndTime "14:32:17 PDT"]
[Termination "nOcHeaTiNgKiD won on time"]

1. c4 e6 2. Nf3 d5 3. g3 Nf6 4. Bg2 Be7 5. O-O O-O 6. d4 dxc4 7. Qc2 c6 8. a4 b6 9. Na3 Bb7 10. Nxc4 Nbd7 11. Rd1 Rc8 12. Nfe5 Nd5 13. a5 b5 14. Nxd7 Qxd7 15. Ne5 Qc7 16. e4 Nb4 17. Qb3 c5 18.
Bf4 c4 19. Qc3 g5 20. Be3 f5 21. f3 h6 22. Ng6 Rfe8 23. Nxe7+ Qxe7 24. h4 gxh4 25. gxh4 Nd3 26. a6 b4 27. Qd2 Bc6 28. Bxh6 Qxh4 29. Bg5 Qg3 30. b3 fxe4 31. fxe4 Bxe4 32.
bxc4 Rxc4 33. Rf1 Rec8 0-1

[Event "*** Titled Tuesday Blitz"]
[Site "Chess.com"]
[Date "2018.04.03"]
[Round "7"]
[White "Kangoroo3000"]
[Black "RitvarsReimanis"]
[Result "1-0"]
[WhiteElo "2408"]
[BlackElo "2372"]
[TimeControl "180+2"]
[EndTime "14:32:24 PDT"]
[Termination "Kangoroo3000 won by resignation"]

1. d4 d5 2. c4 e6 3. Nf3 Nf6 4.
g3 Be7 5. Bg2 O-O 6. O-O dxc4 7.
Ne5 Nc6 8. Bxc6 bxc6 9. Nxc6 Qd6 10. Nxe7+ Qxe7 11. Qa4 c5 12. Qxc4 cxd4 13. Qxd4 Rd8 14. Qh4 h6 15. Nc3 Bb7 16. f3 Qc5+ 17. Kg2 Nd5 18.
Nxd5 Rxd5 19. e4 Rh5 20. Qf4 Rd8 21. Be3 Qb5 22. Rf2 a5 23. Rc1 Rd7 24. g4 Re5 25. a4 g5 26. Qg3 Qd3 27. Qxe5 Qxe3 28. Rc7 Rd2 29. Qg3 Ba6 30. Rxd2 Qxd2+ 31. Qf2 Qb4 32. Qc2 Bb7 33. Rd7 Qb6 34. Qd2 e5 35. Rd8+ Kg7 36.
Rd6 Qb3 37. Qc3 Qxa4 38. Qxe5+ Kh7 39. Qf5+ Kg7 40. Qf6+ Kh7 41. Qxh6+ 1-0

[Event "*** Titled Tuesday Blitz"]
[Site "Chess.com"]
[Date "2018.04.03"]
[Round "7"]
[White "GMKrikor"]
[Black "Batica1984"]
[Result "1/2-1/2"]
[WhiteElo "2652"]
[BlackElo "2643"]
[TimeControl "180+2"]
[EndTime "14:32:26 PDT"]
[Termination "Game drawn by agreement"]

1. e4 c5 2. Nf3 Nc6 3. Bb5 d6 4. O-O Bd7 5. Re1 Nf6 6. c3 a6 7. Bf1 Bg4 8. h3 Bxf3 9. Qxf3 Rg8 10. Qd1 g5 11. d4 g4 12. dxc5 gxh3 13. g3 h5 14.
cxd6 h4 15. dxe7 Qxe7 16. Bf4 Rd8 17. Qe2 Ne5 18. Bxh3 hxg3 19. Bxg3 Rd2 20. Qe3 Rxb2 21. Bg2 Nfg4 22. Qa7 f6 23. Qb8+ Kf7 24. Qc8 Nxf2 25.
Bxf2 Nf3+ 26. Kf1 Nh2+ 27. Kg1 Nf3+ 28. Kf1 Nxe1 29. Qc4+ Qe6 30. Qxe6+ Kxe6 31. Bh3+ Ke5 32. Kxe1 Bh6 33. Na3 Bd2+ 34. Kf1 b5 35. Rb1 Bxc3 36. Rxb2 Bxb2 37. Nc2 Kxe4 38. Bg2+ Kd3 39. Nb4+ Kc3 40. Nxa6 Ba3 41. Nc7 Rg5 42. Be3 Rf5+ 43. Ke2 Re5 44.
Kf2 Rf5+ 45. Ke2 Kb2 46. Bd5 Bd6 47. Bd4+ Kc1 48. Be3+ Kb2 49. Bd4+ Ka3 50. Nxb5+ Kb4 51. Nxd6 Rxd5 52. Bxf6 Rxd6 53. Be7 Kc5 54. Bxd6+ Kxd6 55. Kd3 Kc5 56. a4 1/2-1/2

[Event "*** Titled Tuesday Blitz"]
[Site "Chess.com"]
[Date "2018.04.03"]
[Round "7"]
[White "Caisachess"]
[Black "Karina_Oparina"]
[Result "0-1"]
[WhiteElo "2182"]
[BlackElo "2138"]
[TimeControl "180+2"]
[EndTime "14:32:26 PDT"]
[Termination "Karina_Oparina won by resignation"]

1. e4 c6 2. d4 d5 3. exd5 cxd5 4. c4 Nf6 5. Nc3 e6 6. Nf3 Bb4 7. Bd3 O-O 8. O-O Nc6 9. Bg5 h6 10. Bh4 Be7 11. a3 b6 12. Re1 dxc4 13. Bxc4 Bb7 14. Ba2 Nd5 15. Nxd5 Bxh4 16. Ne3 Bf6 17. d5 exd5 18.
Qd2 Ne7 19. Rad1 Rc8 20. b4 d4 21. Ng4 Nf5 22. Nxf6+ Qxf6 23. Qf4 Rfe8 24. Bb1 Bxf3 25.
Qxf3 Nd6 26. Qxf6 gxf6 27. Kf1 Nb5 28. a4 Nc3 29. Rc1 Nxa4 30. Bf5 Rxc1 31. Rxc1 Nc3 32. Ra1 Re5 33. Bd3 a5 34. bxa5 bxa5 35. Bc4 Rc5 36. Bd3 a4 37. Ke1 Ra5 38. Ra3 Ra7 39. Bc2 Re7+ 40.
Kd2 Re2+ 41. Kd3 Rxf2 42. Kxd4 Nb5+ 0-1

[Event "*** Titled Tuesday Blitz"]
[Site "Chess.com"]
[Date "2018.04.03"]
[Round "7"]
[White "Patzel09"]
[Black "Fandorine"]
[Result "1-0"]
[WhiteElo "2563"]
[BlackElo "2698"]
[TimeControl "180+2"]
[EndTime "14:32:29 PDT"]
[Termination "Patzel09 won by resignation"]

1. e4 e5 2. f4 d5 3. exd5 exf4 4. Nf3 Nf6 5. Nc3 Bd6 6. Qe2+ Be7 7. d4 O-O 8. Bxf4 Bb4 9. O-O-O Bxc3 10. bxc3 Nxd5 11. Bd2 b5 12. Qxb5 c6 13. Qb3 Nd7 14. c4 Rb8 15. Qa3 N5f6 16. Bd3 Nb6 17. Rhe1 Be6 18. Bb4 Re8 19.
Ne5 Qc8 20. Be7 Nfd7 21. Bd6 Nxe5 22. Rxe5 Rb7 23. Rde1 Rd8 24. Rxe6 fxe6 25. c5 Nd5 26. Ba6 Qd7 27. Bxb7 Qxb7 28. Qh3 h6 29. Qxe6+ Kh8 30. Be5 Kh7 31. Qf5+ Kg8 32. Rf1 Re8 33. Qg6 Re7 34.
Rf3 Qd7 35. Rb3 Re8 36. c4 Nf4 37. Bxf4 Re1+ 38. Kd2 Qxd4+ 39. Kxe1 1-0

[Event "*** Titled Tuesday Blitz"]
[Site "Chess.com"]
[Date "2018.04.03"]
[Round "7"]
[White "Margency"]
[Black "Abrito99"]
[Result "0-1"]
[WhiteElo "2570"]
[BlackElo "2449"]
[TimeControl "180+2"]
[EndTime "14:32:32 PDT"]
[Termination "Abrito99 won by resignation"]

1. e4 c5 2. Nf3 e6 3. d4 cxd4 4. Nxd4 Nc6 5. Nc3 Qc7 6. Be3 a6 7. Qd2 Be7 8. O-O-O Nf6 9. f3 b5 10. Kb1 h5 11. Bd3 Bb7 12. Nxc6 Bxc6 13. Ne2 e5 14. Bg5 Ng8 15. h4 Rd8 16. Nc3 f6 17. Be3 Kf7 18.
f4 Nh6 19. fxe5 Qxe5 20. Bf4 Qc5 21. Nd5 Rde8 22. Rhf1 Ng4 23. Be2 Bd8 24. Bf3 Re6 25. Rc1 Ne5 26. Rfd1 g6 27. Be2 Nc4 28. Qe1 Rxe4 29.
Qf1 Bxd5 30. Bf3 Rd4 31. Qf2 Bb6 32. c3 Rxd1 33. Bxd5+ Rxd5 34. Qf3 Rf5 35. g3 Nd2+ 36. Bxd2 Rxf3 37. c4 Re8 38. cxb5 Qf5+ 39. Ka1 Rf1 40. a4 Rxc1+ 41. Bxc1 Qc2 0-1

[Event "*** Titled Tuesday Blitz"]
[Site "Chess.com"]
[Date "2018.04.03"]
[Round "7"]
[White "SamCopeland"]
[Black "AndrewDGreen"]
[Result "0-1"]
[WhiteElo "2011"]
[BlackElo "2113"]
[TimeControl "180+2"]
[EndTime "14:32:34 PDT"]
[Termination "AndrewDGreen won by resignation"]

1. e4 c5 2. Nf3 g6 3. d4 cxd4 4. Nxd4 Nc6 5. c4 Nf6 6. Nc3 Nxd4 7. Qxd4 d6 8. Bg5 Bg7 9. Nd5 O-O 10. Bxf6 exf6 11. Qd2 f5 12. exf5 Bxf5 13. Be2 Re8 14. O-O Rc8 15. Rad1 Qh4 16. b3 Bh6 17. f4 Bg7 18.
Bf3 b5 19. Rfe1 bxc4 20. bxc4 Be6 21. g3 Qd8 22. Qb4 a5 23. Qa4 Bd7 24. Qc2 Be6 25. Qd3 Qd7 26. Kg2 Qa7 27. Re2 Qc5 28. Rc2 Bf5 29.
Qd2 Bxc2 30. Qxc2 Qxc4 31. Qxc4 Rxc4 32. Rb1 Rc2+ 33. Kh3 Rxa2 34. Rb7 a4 35. Ne7+ Kf8 36. Nc6 a3 37. Bd5 Rb2 38. Rxf7+ Kg8 39. Ne7+ Kh8 40. Nc6 Rd2 41. Bc4 a2 42. Ra7 a1=Q 43. Rxa1 Bxa1 0-1

[Event "*** Titled Tuesday Blitz"]
[Site "Chess.com"]
[Date "2018.04.03"]
[Round "7"]
[White "Generalas"]
[Black "RojonR"]
[Result "1-0"]
[WhiteElo "2188"]
[BlackElo "2381"]
[TimeControl "180+2"]
[EndTime "14:32:45 PDT"]
[Termination "Generalas won by resignation"]

1. e4 c5 2. c3 Nf6 3. e5 Nd5 4.
Nf3 Nc6 5. Bc4 e6 6. O-O d6 7. exd6 Bxd6 8. Re1 O-O 9. d4 cxd4 10. Nxd4 Qh4 11. g3 Qf6 12. Nxc6 bxc6 13. Nd2 Qe7 14. Ne4 Bc7 15. Bg5 f6 16. Be3 Nxe3 17. Rxe3 Kh8 18.
Qh5 e5 19. Rae1 Bb6 20. Rf3 Bd7 21. Bd3 f5 22. Ng5 h6 23. Rxe5 Qxg5 24. Qxg5 hxg5 25. Re7 Rad8 26. g4 fxg4 27. Rxf8+ Rxf8 28. Rxd7 Bxf2+ 29. Kg2 Bb6 30. Kg3 Rd8 31. Rxd8+ Bxd8 32. Kxg4 Kg8 33. Kf5 Kf8 34. Be4 c5 35. Ke6 g4 36. Bf5 Bc7 37. Bxg4 Bxh2 38. Kd5 Bg1 39. c4 Ke7 40. Kc6 Bd4 41.
b3 Kf6 42. a4 Ke5 43. a5 a6 44. Kb6 Bc3 45. Kxa6 Kd4 46. Kb5 Bxa5 47. Kxa5 Kc3 48. Ka4 g5 49. Bh5 Kd4 50. Kb5 1-0

[Event "*** Titled Tuesday Blitz"]
[Site "Chess.com"]
[Date "2018.04.03"]
[Round "7"]
[White "volodja49"]
[Black "Mikhail_Golubev"]
[Result "1-0"]
[WhiteElo "2407"]
[BlackElo "2256"]
[TimeControl "180+2"]
[EndTime "14:32:51 PDT"]
[Termination "volodja49 won by resignation"]

1. d4 Nf6 2. c4 g6 3. Nc3 Bg7 4. e4 d6 5. f3 O-O 6. Nge2 a6 7.
Be3 Nbd7 8. Qd2 b5 9. cxb5 axb5 10. Nxb5 c6 11. Nbc3 e5 12. Rd1 Re8 13. dxe5 Nxe5 14.
Nc1 d5 15. exd5 Neg4 16. fxg4 Nxg4 17. dxc6 Qg5 18. Nd5 Nxe3 19. Nxe3 Rxe3+ 20. Kf2 Qf5+ 21. Kg1 Qc5 22. Qf2 Bg4 23. Be2 Bd4 24. Nb3 Rxe2 25.
Qxd4 Qg5 26. c7 Rxg2+ 27. Kxg2 Bxd1+ 28. Kf2 Qf5+ 29. Ke1 Re8+ 30. Kxd1 Qf3+ 31. Kc2 Qc6+ 32. Qc3 Qe4+ 33. Qd3 Qxh1 34. Qd7 Qe4+ 35. Kc3 Qe3+ 36. Kc4 Qe4+ 37. Nd4 Ra8 38. c8=Q+ Rxc8+ 39. Qxc8+ Kg7 40. Qd7 Kh6 41. Qxf7 Qg2 42. Qf8+ Kh5 43. Qf3+ 1-0

[Event "*** Titled Tuesday Blitz"]
[Site "Chess.com"]
[Date "2018.04.03"]
[Round "7"]
[White "FitnessBen"]
[Black "dimke2802"]
[Result "0-1"]
[WhiteElo "2455"]
[BlackElo "2325"]
[TimeControl "180+2"]
[EndTime "14:32:57 PDT"]
[Termination "dimke2802 won on time"]

1. e4 c5 2. Nf3 d6 3. d4 cxd4 4. Nxd4 Nf6 5. Nc3 Nc6 6. Bg5 e6 7. Qd2 a6 8. O-O-O Bd7 9. f4 h6 10. Bh4 Nxe4 11. Nxe4 Qxh4 12. Nxc6 Bxc6 13. Nxd6+ Bxd6 14.
Qxd6 Rd8 15. Qxd8+ Qxd8 16. Rxd8+ Kxd8 17. Bd3 g5 18. Rd1 Ke7 19. g3 gxf4 20. gxf4 Rg8 21. c3 Kf6 22. Rd2 h5 23. Rf2 h4 24. Kd2 h3 25.
Ke3 Rg1 26. Bf1 Bg2 27. Be2 Rh1 28. Bf3 Rxh2 29. Bxb7 Kf5 30. Bxa6 Rh1 31. Bd3+ Kf6 32. Be2 Re1 33. Kd2 Rxe2+ 34. Rxe2 h2 35. Re1 h1=Q 36. Rxh1 Bxh1 37. Ke3 Ke7 38. a4 Kd6 39. Kd4 f6 40. b4 e5+ 41. fxe5+ fxe5+ 42. Kc4 Bd5+ 43. Kd3 Bb3 44. a5 Kd5 45. Ke3 Bc4 46. Kf3 e4+ 47.
Ke3 Ke5 48. Kd2 Kf4 49. Ke1 e3 50. Kd1 Kf3 51. Ke1 e2 0-1

[Event "*** Titled Tuesday Blitz"]
[Site "Chess.com"]
[Date "2018.04.03"]
[Round "7"]
[White "ChessQueen"]
[Black "nubair1198"]
[Result "1-0"]
[WhiteElo "2656"]
[BlackElo "2564"]
[TimeControl "180+2"]
[EndTime "14:32:58 PDT"]
[Termination "ChessQueen won by resignation"]

1. e4 c6 2. Nc3 d5 3. Nf3 Nf6 4. e5 Ne4 5. d4 Bg4 6. h3 Bh5 7.
Bd3 Nxc3 8. bxc3 e6 9. Rb1 b5 10. O-O Nd7 11. g4 Bg6 12. Nh2 Qa5 13. Bd2 c5 14. f4 c4 15. f5 cxd3 16. fxg6 hxg6 17. Qf3 f5 18. exf6 gxf6 19. Qxd3 f5 20. Rxb5 Qxa2 21. Re1 Kf7 22. Rb7 Rd8 23. Qe2 e5 24. dxe5 Ke6 25. Nf3 Bc5+ 26. Kg2 fxg4 27. Ng5+ Ke7 28. Qxg4 d4 29.
cxd4 Qd5+ 30. Qf3 Qxf3+ 31. Nxf3 Bb6 32. e6 Kd6 33. Rxd7+ Rxd7 34. exd7 Kxd7 35. c4 Bc7 36. d5 Rb8 37. c5 Rb2 38. Re6 Bf4 39. c6+ Kc7 40. Re2 Kc8 41. Kf2 Bd6 42. Re6 Bf4 43. Ke2 g5 44. d6 Kd8 45. c7+ Kd7 46. Re7+ Kxd6 47. c8=Q Kxe7 48. Qc5+ Ke8 49. Qxa7 Bd6 50. Kd3 Rb3+ 51. Ke4 g4 52. hxg4 Rb1 53. Kd5 Be7 54. Ke6 Ba3 55. Qa8+ Rb8 1-0

[Event "*** Titled Tuesday Blitz"]
[Site "Chess.com"]
[Date "2018.04.03"]
[Round "7"]
[White "nochewycandy"]
[Black "Eliwood44"]
[Result "1-0"]
[WhiteElo "2044"]
[BlackElo "2198"]
[TimeControl "180+2"]
[EndTime "14:33:04 PDT"]
[Termination "nochewycandy won on time"]

1. c4 e6 2. g3 Nf6 3. Bg2 d5 4. Nf3 Be7 5. O-O O-O 6. b3 d4 7. e3 c5 8. Bb2 Nc6 9. Qe2 Re8 10.
exd4 cxd4 11. Na3 e5 12. d3 h6 13. Nc2 Bf8 14. a3 a5 15. Rfe1 Bf5 16. Nh4 Bh7 17.
Bc1 Qc7 18. Bd2 Nd7 19. Be4 Bxe4 20. Qxe4 Nc5 21. Qe2 Nxb3 22. Rab1 Nxd2 23. Qxd2 Rad8 24. Rb5 Qd7 25. Kg2 Rb8 26. Nf3 f6 27. Reb1 Re7 28. Qe2 Rf7 29. Rd5 Qf5 30. Ncxd4 Nxd4 31. Nxd4 Qg6 32.
Nc2 Ra8 33. Qf3 Kh8 34. h4 Rc7 35. h5 Qe8 36. Rdb5 Rb8 37. Ne3 Bxa3 38. Rxa5 Bf8 39. Nd5 Rf7 40. Rab5 f5 41. Re1 Rd8 42. Nf4 Bd6 43.
Ng6+ Kg8 44. Qd5 Bb8 45. Qf3 Qc6 46. Re3 f4 47. Re4 fxg3 48. Qxg3 Rd4 49. Qe3 Rxe4 50. Qxe4 Qxe4+ 51. dxe4 Rc7 52. c5 Rf7 53. c6 1-0

[Event "*** Titled Tuesday Blitz"]
[Site "Chess.com"]
[Date "2018.04.03"]
[Round "7"]
[White "kjzsdu"]
[Black "OparinGrigoriy"]
[Result "0-1"]
[WhiteElo "2445"]
[BlackElo "2828"]
[TimeControl "180+2"]
[EndTime "14:33:11 PDT"]
[Termination "OparinGrigoriy won by resignation"]

1. d4 Nf6 2. Nf3 e6 3. e3 b6 4. Be2 Bb7 5. O-O d5 6. c4 Bd6 7. b3 O-O 8. Ba3 c5 9. cxd5 exd5 10. Nbd2 Qe7 11. Rc1 Nbd7 12. dxc5 bxc5 13. Bb5 Nb6 14. h3 Rfd8 15. Qc2 a6 16. Bd3 Rac8 17. Bf5 Rc7 18. Qb1 g6 19. Bd3 Ne4 20. Rfd1 Re8 21. Nf1 Rcc8 22. Be2 d4 23. exd4 Nxf2 24. Re1 Ne4 25. Bd3 f5 26. dxc5 Bxc5+ 27. Bxc5 Rxc5 28. N1d2 Nd7 29. Bc4+ Kg7 30. Qb2+ Ndf6 31. Nd4 Bc8 32. N2f3 h5 33. Ng5 Qa7 34. Ngf3 Bd7 35. Rcd1 Rc7 36. Kh2 Bc8 37. Ng5 Rce7 38. Ndf3 Qc7+ 39. Kg1 Bb7 40.
Nxe4 Bxe4 41. Nd4 h4 42. Re3 Qf4 43. Rde1 Qg5 44. Ne6+ Rxe6 45. Bxe6 Rxe6 46. Qd2 Kh6 47. Qe2 Nh5 48. Qf2 Nf4 49. Kh2 Nxg2 50. Rxe4 Rxe4 51.
Rxe4 fxe4 52. Qxg2 Qxg2+ 53. Kxg2 Kg5 0-1

[Event "*** Titled Tuesday Blitz"]
[Site "Chess.com"]
[Date "2018.04.03"]
[Round "7"]
[White "Al_Shima"]
[Black "Bauxi435"]
[Result "1-0"]
[WhiteElo "2290"]
[BlackElo "2424"]
[TimeControl "180+2"]
[EndTime "14:33:21 PDT"]
[Termination "Al_Shima won by resignation"]

1. b3 e5 2. Bb2 Nc6 3. e3 d5 4.
Bb5 e4 5. Ne2 Qg5 6. Ng3 h5 7.
h4 Qg6 8. Nc3 Be6 9. d3 Bd6 10.
Nce2 Bg4 11. Qd2 Bxe2 12. Nxe2 Ne7 13. O-O-O a6 14. Bxc6+ Nxc6 15. dxe4 dxe4 16. Nd4 Ne7 17. f4 O-O-O 18. Qf2 Nf5 19. Nxf5 Qxf5 20. Bxg7 Rhg8 21. Bb2 Rg6 22. Rd2 Rdg8 23. Rh2 Rg3 24. Qe2 Qg4 25.
Qxg4+ R8xg4 26. Re2 Be7 27. Bc3 Bc5 28. Bd2 f5 29. Kd1 Rg6 30. Ke1 a5 31. a4 Bb4 32.
Kf2 Bxd2 33. Rxd2 b6 34. Rd5 Rg8 35. Rxf5 R3g6 36. Re5 Rd8 37. Rxe4 Rd2+ 38. Kf3 Rxc2 39. f5 Rd6 40. Rf4 Kd7 41. Rh1 Rdd2 42. Rg1 Ke7 43.
g4 hxg4+ 44. Rgxg4 Kf6 45. Rg6+ Ke5 46. Re6+ Kd5 47.
Re7 Rg2 48. Rd4+ Kc6 49. Rc4+ Rxc4 50. bxc4 Rh2 51. f6 Rxh4 52. f7 Rh1 53. Kg2 Rh7 54.
f8=Q Rh6 55. Qxh6+ 1-0

[Event "*** Titled Tuesday Blitz"]
[Site "Chess.com"]
[Date "2018.04.03"]
[Round "7"]
[White "Jospem"]
[Black "XDPS"]
[Result "0-1"]
[WhiteElo "2727"]
[BlackElo "2600"]
[TimeControl "180+2"]
[EndTime "14:33:29 PDT"]
[Termination "XDPS won by checkmate"]

1. e4 c5 2. Nf3 e6 3. d4 cxd4 4.
Nxd4 a6 5. Bd3 Bc5 6. Nb3 Ba7 7. Qg4 Nf6 8. Qg3 d6 9. Nc3 Nc6 10. Be3 Bxe3 11. Qxe3 O-O 12. O-O b5 13. a3 Bb7 14.
f4 Qc7 15. Kh1 e5 16. fxe5 Nxe5 17. Nd4 Rae8 18. Nf5 Re6 19. Qg5 Ne8 20. Rae1 Kh8 21. Qh4 g6 22. Nd4 Qe7 23. Qh6 Rf6 24. h3 Kg8 25.
Qd2 Rxf1+ 26. Rxf1 Ng7 27. Be2 Ne6 28. Nf3 Nc5 29.
Qd4 Re8 30. Rd1 Nxf3 31. Bxf3 Bxe4 32. Re1 f5 33. Nd5 Qe5 34. Nf6+ Kf7 35. Qxe5 Rxe5 36. Nxh7 Bxc2 37. Rc1 Bb3 38. h4 Kg7 39. Ng5 Re3 40. Kh2 Kf6 41. Kg3 Bc4 42. Rd1 Nd3 43. Rd2 Ke7 44. Nh3 Ne5 45. Nf4 Rb3 46. Kf2 Bf7 47. Be2 a5 48. Rc2 Bc4 49. Bxc4 bxc4 50. Re2 Kf6 51.
Rd2 Nd3+ 52. Nxd3 cxd3 53. Ke3 Ke5 54. Rxd3 f4+ 55. Ke2 Rxb2+ 56. Kf3 d5 57. Rc3 a4 58. Rc8 Rb3+ 59. Kg4 Rg3# 0-1

[Event "*** Titled Tuesday Blitz"]
[Site "Chess.com"]
[Date "2018.04.03"]
[Round "7"]
[White "Divertissement"]
[Black "Tramontanaaa"]
[Result "1-0"]
[WhiteElo "2459"]
[BlackElo "2373"]
[TimeControl "180+2"]
[EndTime "14:33:42 PDT"]
[Termination "Divertissement won by resignation"]

1. d4 Nf6 2. c4 g6 3. Nc3 d5 4. Bf4 Bg7 5. e3 O-O 6. Rc1 Be6 7. c5 c6 8. h3 b6 9. b4 a5 10. a3 axb4 11. axb4 Bc8 12. Ra1 Rxa1 13. Qxa1 Nbd7 14. Nf3 bxc5 15. bxc5 Ne4 16. Nxe4 dxe4 17. Nd2 Nxc5 18.
Bc4 e5 19. dxe5 Nd3+ 20. Bxd3 Qxd3 21. Qb1 Ba6 22. Qxd3 exd3 23. O-O c5 24. Rc1 Rc8 25. Ra1 c4 26. Rxa6 c3 27. e4 Bxe5 28. Be3 Rb8 29. f4 Bd4 30. Bxd4 cxd2 31. Ra1 Rc8 32. Kf2 f5 33. Ke3 fxe4 34. Kxd2 Rc2+ 35. Kd1 Rxg2 36. Ra7 h5 37. Re7 Rg3 38. Rxe4 Rxh3 39. Re7 Rg3 40. Kd2 h4 41. Re8+ Kf7 42. Rh8 h3 43. Be3 Kg7 44.
Rh4 Rg2+ 45. Kxd3 h2 46. Ke4 Kf6 47. Kf3 Rc2 48. Bf2 Kf5 49. Rxh2 Rc3+ 50. Be3 Ra3 51.
Rg2 1-0

[Event "*** Titled Tuesday Blitz"]
[Site "Chess.com"]
[Date "2018.04.03"]
[Round "7"]
[White "Doraemon7"]
[Black "matiss90"]
[Result "0-1"]
[WhiteElo "2417"]
[BlackElo "2366"]
[TimeControl "180+2"]
[EndTime "14:33:50 PDT"]
[Termination "matiss90 won by resignation"]

1. d4 Nf6 2. c4 g6 3. Nf3 Bg7 4. Nc3 O-O 5. Bg5 c5 6. e3 cxd4 7. Nxd4 Nc6 8. Be2 Nxd4 9. Qxd4 d6 10. O-O Be6 11. Qd2 Rc8 12. b3 Qa5 13. Bh4 b5 14. Rab1 bxc4 15. b4 Qc7 16. Nb5 Qb8 17. Nc3 Rfd8 18.
a4 d5 19. Bg3 Qb7 20. Rfd1 h5 21. Bf3 Bg4 22. Be5 Bxf3 23. gxf3 Qc6 24. Nb5 Qe6 25. Bg3 Qf5 26. Nd4 Qh3 27. Rbc1 Ne8 28. Qe2 h4 29. Bf4 e5 30. Bg5 exd4 31. Bxd8 d3 32. Qf1 Qxf1+ 33. Kxf1 Rxd8 34. e4 Nd6 35. exd5 Rb8 36. b5 a6 37. bxa6 Ra8 38. Rb1 Rxa6 39. Rb8+ Kh7 40. Rd8 Bd4 41. Re1 d2 42. Rd1 c3 43. Ke2 Nf5 44. Rd7 Kg7 45. Kd3 Bf6 46. Rc7 Rxa4 47. Kc2 Rd4 48.
Rxc3 Rxd5 49. Rd3 Nd4+ 50. Kxd2 Nxf3+ 51. Ke3 Rxd3+ 52. Rxd3 Nxh2 53. Kf4 Nf1 54. Kg4 Be5 55. Kh3 Ng3 56. Rd5 Bf4 57. Rd4 Be5 58. Rd5 Kf6 59. Rb5 Nf5 60. Rb6+ Kg5 61. Rb5 Bf4 62. Rb3 Kh5 63.
Rd3 g5 64. f3 Bg3 65. Rd5 Kg6 66. Rb5 f6 67. Rb7 Be5 68. Kg4 Nh6+ 69. Kh3 Nf5 70. Kg4 Ne3+ 71. Kh3 Kf5 72. Rb4 Nd5 73. Re4 Nf4+ 74.
Kh2 Ng6+ 75. Kh3 Nf4+ 76. Kh2 Ne2+ 77. Kh3 Nd4 78. Kg2 h3+ 79. Kxh3 Nxf3 80. Ra4 Nd4 81. Kg2 Ke4 82. Ra2 f5 83. Ra1 Bf4 84. Re1+ Be3 85.
Rd1 f4 86. Rf1 g4 87. Rd1 Nf5 88. Rd8 f3+ 89. Kf1 Ng3+ 90. Ke1 f2+ 0-1

[Event "*** Titled Tuesday Blitz"]
[Site "Chess.com"]
[Date "2018.04.03"]
[Round "7"]
[White "Korchmar_Vasiliy"]
[Black "VerdeNotte"]
[Result "1-0"]
[WhiteElo "2664"]
[BlackElo "2638"]
[TimeControl "180+2"]
[EndTime "14:33:57 PDT"]
[Termination "Korchmar_Vasiliy won by resignation"]

1. d4 d6 2. Nf3 Bg4 3. Nbd2 Nd7 4. h3 Bh5 5. g4 Bg6 6. Bg2 e5 7. O-O e4 8. Nh2 h5 9. gxh5 Rxh5 10. Nxe4 Bxe4 11.
Bxe4 Rxh3 12. Bf4 Qh4 13. Bg2 Ngf6 14. Bxh3 Qxh3 15. Qd3 Qh5 16. Qf3 Qg6+ 17. Qg3 Qf5 18. Qg5 Qe4 19. Bg3 O-O-O 20. Nf3 Qxe2 21. Kg2 Ne4 22. Qf5 g6 23. Qxf7 Nxg3 24. Kxg3 d5 25. Rae1 Bd6+ 26. Kg2 Qxc2 27. Re8 c6 28. Rfe1 Qf5 29.
Qxf5 gxf5 30. Rxd8+ Kxd8 31. Nh4 f4 32. Kf3 Nf8 33. Ng2 Kd7 34. Nxf4 b6 35. Nd3 c5 36.
dxc5 bxc5 37. Ne5+ Kc7 38. Nf7 Nd7 39. Nxd6 Kxd6 40. Kf4 d4 41. b3 Nb6 42. Ke4 Nd5 43. f4 Nc3+ 44. Kd3 Nxa2 45. f5 Nb4+ 46. Kc4 Nc2 47.
Re6+ Kd7 48. Kxc5 Ne3 49. Kxd4 Nxf5+ 50. Ke5 Ne7 51. Rh6 Nc8 52. Kd5 Kc7 53. Kc5 Kb7 54. Kb5 Kc7 55. Rh7+ Kd6 56. b4 Kd5 57. Rc7 Nd6+ 58.
Ka6 Kd4 59. b5 Ne4 60. Kxa7 1-0

[Event "*** Titled Tuesday Blitz"]
[Site "Chess.com"]
[Date "2018.04.03"]
[Round "7"]
[White "ajkom197"]
[Black "HanSchut"]
[Result "1-0"]
[WhiteElo "2404"]
[BlackElo "2189"]
[TimeControl "180+2"]
[EndTime "14:33:57 PDT"]
[Termination "ajkom197 won by resignation"]

1. d4 Nf6 2. Bf4 d5 3. e3 e6 4. Nf3 Bd6 5. Bg3 b6 6. Nbd2 Bb7 7. Bd3 Ne4 8. Ne5 O-O 9. f3 Nxd2 10. Qxd2 f6 11. Ng4 Bxg3+ 12. hxg3 f5 13. Ne5 Nd7 14. f4 Nxe5 15. dxe5 c5 16. g4 g6 17. gxf5 exf5 18. c3 Qd7 19. Qf2 b5 20. Qh4 c4 21.
Bc2 Rae8 22. Kf2 Rf7 23. Qg5 Qe7 24. Qxe7 Rfxe7 25. Rhg1 Kf7 26. g4 fxg4 27. Rxg4 Ke6 28. Rd1 Rf7 29. e4 dxe4 30. Ke3 Rd7 31. Rd4 Red8 32.
Rg5 Kf7 33. Bxe4 Bxe4 34. Kxe4 h6 35. Rg1 Ke7 36. Rgd1 h5 37. a3 a5 38. Rg1 Kf7 39. Rg5 h4 40. Rg4 Rxd4+ 41. cxd4 Rh8 42. f5 gxf5+ 43. Kxf5 h3 44. e6+ Ke8 45. Rg1 h2 46. Rh1 Ke7 47. d5 Kd6 48. Kf6 Rh6+ 49. Kf7 Rh7+ 50.
Kg6 Rh8 51. Kg7 Rh4 52. Kf6 Rf4+ 53. Kg5 Rf2 54. Re1 Kxd5 55. e7 Re2 56. Rxe2 h1=Q 57. e8=Q Qg1+ 58. Kf6 Qd4+ 59. Qe5+ Qxe5+ 60. Rxe5+ Kd4 61. Rxb5 1-0